 Dungeon Crawl Stone Soup version 0.20.1-1-g8b1a95d (console) character file.

508 hilaritas the Poker (level 7, -3/62 HPs)
             Began as a Naga Fighter on Oct 29, 2017.
             Was an Initiate of Okawaru.
             Slain by an orc
             ... wielding a +0 mace
              (6 damage)
             ... on level 4 of the Dungeon.
             The game lasted 00:14:49 (4025 turns).

hilaritas the Poker (Naga Fighter)                  Turns: 4025, Time: 00:14:49

Health: -3/62      AC:  0    Str: 25    XL:     7   Next: 18%
Magic:  7/7        EV: 17    Int:  8    God:    Okawaru [......]
Gold:   135        SH:  0    Dex: 16    Spells: 6/6 levels left

rFire    . . .     SeeInvis +   (weapon currently unavailable)
rCold    . . .     Gourm    .   (shield currently unavailable)
rNeg     . . .     Faith    .   (armour currently unavailable)
rPois    .         Spirit   .   (helmet currently unavailable)
rElec    .         Reflect  .   (cloak currently unavailable)
rCorr    .         Harm     .   (gloves currently unavailable)
MR       .....                  (no barding)
Stlth    ++........             (no amulet)
Regen    0.2/turn               (ring currently unavailable)
MPRegen  0.1/turn               (ring currently unavailable)

@: mighty, bat-form, flying, very quick
A: see invisible, slow metabolism 1, spit poison 1, AC +2
a: Spit Poison, Renounce Religion


You were on level 4 of the Dungeon.
You worshipped Okawaru.
Okawaru was noncommittal.
You were not hungry.
You were in bat-form.
You visited 2 branches of the dungeon, and saw 5 of its levels.

You collected 135 gold pieces.

Inventory:

Hand Weapons
 a - a +0 trident (melded)
Armour
 b - a +0 scale mail (melded)
 c - a +1 shield (melded)
 k - a +1 helmet (melded)
 q - a scarf of cloud immunity (melded)
 x - a +2 pair of gloves (melded)
Jewellery
 i - an uncursed ring of resist corrosion
 B - an uncursed amulet of magic regeneration
 C - an uncursed amulet of faith
 D - a ring of protection from cold (melded)
Scrolls
 h - 3 scrolls of teleportation
 m - a scroll of recharging
 o - 2 scrolls of magic mapping
 t - 2 scrolls of amnesia
 v - 4 scrolls of identify
 w - a scroll of enchant armour
 y - a scroll of remove curse
Potions
 d - a potion of might
 e - 2 potions of haste {unknown}
 g - a potion of brilliance {unknown}
 j - a potion of mutation {unknown}
 l - 2 potions of curing
 n - a potion of ambrosia {unknown}
 p - a potion of berserk rage {unknown}
 u - 2 potions of lignification
 A - a potion of heal wounds {unknown}
Comestibles
 f - 5 bread rations
 r - 3 meat rations
 z - 2 royal jellies


   Skills:
 - Level 3.0 Fighting
 * Level 6.4 Polearms
 - Level 2.4 Armour
 - Level 3.0 Stealth
 + Level 3.6 Shields
 * Level 0.4 Invocations


You had 6 spell levels left.
You didn't know any spells.

Dungeon Overview and Level Annotations

Branches:
Dungeon (4/15)             Temple (1/1) D:4

Altars:
Ashenzari
Dithmenos
Elyvilon
Fedhas
Hepliaklqana
Kikubaaqudgha
Makhleb
Nemelex Xobeh
Okawaru
Qazlal
Ru
Sif Muna
Trog
Uskayaw
Xom
Yredelemnul
The Shining One


Innate Abilities, Weirdness & Mutations

You cannot wear boots.
((Your serpentine skin is tough. (AC +2)))
You have supernaturally acute eyesight. (SInv)
((Armour fits poorly on your strangely shaped body.))
((Your system is resistant to poisons. (rPois)))
((You cover ground very slowly.))
You have a slow metabolism.
You can spit poison.


Message History

You are poisoned.
The worker ant poisons you! The orc closely misses you.
The orc priest misses you.
You feel better. The worker ant bites you.
* * * LOW HITPOINT WARNING * * *
The orc misses you. The orc hits you with a hand axe!
* * * LOW HITPOINT WARNING * * *
The orc priest barely misses you.
Unknown command.
You bite the orc priest!
You kill the orc priest!
Okawaru accepts your kill. The orc completely misses you.
The worker ant bites you.
* * * LOW HITPOINT WARNING * * *
The orc hits you but does no damage.
The orc zaps a wand.
You easily resist.
Unknown command.
It was a potion of lignification.
You feel woody for a moment. The worker ant barely misses you.
The orc closely misses you. The orc hits you with a mace.
You die...

*,,,,,,,,,*
*,,,,,,,,,*
*,,,,,,,,,*
#.._.,,,,,*
#....,,,,,*
****###....,,,,,*
*,,,..........,,*
*,,,.........,,,*
*,#'##......,,,,*
*,*.≈**#..o###***
*,*,≈≈≈#..)b.#
*,*,,.≈#..ooa#
*,***♣.#...o.#
*...##'#.....#
*............#
#############.....#
............'>....#
..#.#########.....#
#.#.# #.....# #.#.#
#.##### #.#.#
######.#


You could see a worker ant and 4 orcs.

Vanquished Creatures
  A bullfrog (D:3)
  A wyvern zombie (D:4)
  A bullfrog skeleton (D:4)
  An orc priest (D:4)
  A worker ant (D:4)
  4 orc wizards
  Robin (D:4)
  5 adders
  An ooze (D:3)
  An adder skeleton (D:4)
  3 worms
  4 dart slugs
  3 leopard geckos
  10 orcs
  3 giant cockroaches
  16 goblins
  13 hobgoblins
  12 jackals
  2 kobolds (D:1)
  2 quokkas
  2 ball pythons
  13 bats
  6 frilled lizards
  9 rats
115 creatures vanquished.

Notes
Turn   | Place    | Note
-------+----------+-------------------------------------------
     0 | D:1      | hilaritas the Naga Fighter began the quest for the Orb.
     0 | D:1      | Reached XP level 1. HP: 21/21 MP: 1/1
   179 | D:1      | Reached XP level 2. HP: 27/28 MP: 2/2
   205 | D:1      | Reached skill level 1 in Stealth
   375 | D:1      | Reached XP level 3. HP: 34/34 MP: 3/3
  1103 | D:2      | Reached skill level 3 in Polearms
  1105 | D:2      | Reached XP level 4. HP: 42/42 MP: 4/4
  2197 | D:3      | Reached XP level 5. HP: 49/49 MP: 5/5
  2223 | D:3      | Reached skill level 4 in Polearms
  2517 | D:3      | Reached XP level 6. HP: 56/56 MP: 6/6
  2570 | D:3      | Reached skill level 5 in Polearms
  3273 | D:4      | Noticed Robin
  3274 | D:4      | Found a staircase to the Ecumenical Temple.
  3297 | D:4      | Killed Robin
  3338 | Temple   | Entered the Ecumenical Temple
  3484 | Temple   | Became a worshipper of Warmaster Okawaru
  3545 | D:4      | Reached skill level 6 in Polearms
  3818 | D:4      | Reached XP level 7. HP: 60/62 MP: 7/7
  4019 | D:4      | Found a stormy altar of Qazlal.
  4024 | D:4      | HP: 3/62 [worker ant (5)]
  4025 | D:4      | Slain by an orc

Skill      XL: |  1  2  3  4  5  6 |
---------------+-------------------+-----
Stealth        | 1 2 3 |  3.0
Shields        | 3 |  3.6
Polearms       | 3 4 6 |  6.4
Fighting       | |  3.0
Armour         | |  2.4
Invocations    | |  0.4

Action                   |  1- 3 |  4- 6 |  7- 9 || total
-------------------------+-------+-------+-------++-------
Melee: Trident           |   129 |   331 |    16 ||   476
       Unarmed           |       |       |     4 ||     4
  Use: Scroll            |       |    11 |       ||    11
       Potion            |       |       |     3 ||     3
  Eat: Chunk             |       |     8 |       ||     8
Armor: Scale mail        |    48 |   109 |     7 ||   164
Dodge: Dodged            |    24 |    48 |    16 ||    88
Block: Shield            |    58 |   132 |    12 ||   202
